 Dungeon Crawl Stone Soup version 0.30-a0-937-ga0a21ad780 (webtiles) character file.

Game seed: 18084491542812962103

91 FexLirch the Gusty (level 4, -1/30 HPs)
             Began as a Human Wanderer on Mar 24, 2023.
             Killed by divine providence
             ... invoked by an orc priest
              (17 damage)
             ... on level 3 of the Dungeon.
             The game lasted 00:05:02 (1705 turns).

FexLirch the Gusty (Human Wanderer)                 Turns: 1705, Time: 00:05:03

Health: -1/30      AC:  2    Str:  5    XL:     4   Next: 88%
Magic:  5/8        EV: 11    Int: 23    God:
Gold:   47         SH:  0    Dex:  8    Spells: 3/8 levels left

rFire   . . .      SeeInvis .    n - +4 flail of Inflation {elec, rN+++ Str-5 Int+2 Stlth-}
rCold   . . .      Faith    .    (no shield)
rNeg    + + +      Spirit   .    c - +0 robe
rPois   .          Reflect  .    (no helmet)
rElec   .          Rampage  .    (no cloak)
rCorr   .                        (no gloves)
Will    .....                    (no boots) Stlth
                                 (no amulet)
HPRegen 0.25/turn                (no ring)
MPRegen 0.11/turn                (no ring)

@: no status effects
A: no striking features
a: no special abilities


You were on level 3 of the Dungeon.
You visited 1 branch of the dungeon, and saw 3 of its levels.

You collected 157 gold pieces.
You spent 110 gold pieces at shops.

Inventory:

Hand Weapons
 a - a +0 club
 n - the +4 flail of Inflation (weapon) {elec, rN+++ Str-5 Int+2 Stlth-}
   (You found it on level 2 of the Dungeon)

   Str:       It affects your strength (-5).
   Int:       It affects your intelligence (+2).
   rN:        It renders you almost immune to negative energy.
   Stlth:     It makes you less stealthy.
Missiles
 e - 18 stones
Armour
 c - a +0 robe (worn)
Scrolls
 b - 2 scrolls of fear
 g - 5 scrolls of teleportation
 i - a scroll of magic mapping {unknown}
 j - a scroll of summoning {unknown}
 k - a scroll of vulnerability {unknown}
 o - a scroll of torment {unknown}
 q - a scroll of blinking {unknown}
 r - a scroll of poison
 s - a scroll of noise
Potions
 f - a potion of lignification {unknown}
 h - 2 potions of curing {unknown}
 l - a potion of attraction {unknown}
 m - 3 potions of magic
 p - a potion of might {unknown}
Miscellaneous
 d - a piece from Xom's chessboard (15/15)


   Skills:
 - Level 1.0 Armour
 * Level 2.8 Spellcasting
 + Level 1.8 Conjurations
 - Level 5.0 Air Magic
 + Level 2.8 Earth Magic
 - Level 1.0 Evocations


You had 3 spell levels left.
You knew the following spells:

 Your Spells              Type           Power      Damage    Failure   Level
a - Shock                 Conj/Air       72%        1d7       3%          1
b - Sandblast             Erth           32%        2d9       3%          1
c - Stone Arrow           Conj/Erth      26%        3d8       14%         3

Your spell library contained the following spells:

 Spells                   Type           Power      Damage    Failure   Level
 Poisonous Vapours        Pois/Air       28%        N/A       6%          2
 Vhi's Electric Charge    Tloc/Air       28%        N/A       13%         3
 Ignite Poison            Fire/Tmut/Pois 3%         N/A       34%         3
 Tukima's Dance           Hex            3%         N/A       34%         3
 Sticky Flame             Conj/Fire      7%         2d3       63%         4
 Passage of Golubria      Tloc           3%         N/A       75%         4
 Yara's Violent Unravell  Hex/Tmut       1%         3d3       97%         5
 Ignition                 Fire           1%         3d3       100%        8


Dungeon Overview and Level Annotations

Branches:
Dungeon (3/15)

Altars:

Shops:
D:3 ?


Message History

Casting: Sandblast (safe; 4% risk of failure)
Confirm with . or Enter, or press ? or * to list all spells.
Aiming: Sandblast (safe; 4% risk of failure)
Press: ? - help, Shift-Dir - straight line, f/p - orc priest
Aim: an orc priest, wielding a +0 flail (severely wounded, 82% to hit)
The blast of sand hits the orc priest!
You kill the orc priest!
The orc priest shouts!
Casting: Sandblast (safe; 3% risk of failure)
Confirm with . or Enter, or press ? or * to list all spells.
Aiming: Sandblast (safe; 3% risk of failure)
Press: ? - help, Shift-Dir - straight line, f - orc priest
Aim: an orc priest, wielding a +0 whip and wearing a +0 chain mail (87% to hit)
Out of range.
Okay, then.
Unknown command.
Casting: Sandblast (safe; 3% risk of failure)
Confirm with . or Enter, or press ? or * to list all spells.
Aiming: Shock (safe; 3% risk of failure)
Press: ? - help, Shift-Dir - straight line, f - orc priest
Aim: an orc priest, wielding a +0 whip and wearing a +0 chain mail (79% to hit)
Okay, then.
Unknown command.
Casting: Shock (safe; 3% risk of failure)
Confirm with . or Enter, or press ? or * to list all spells.
Aiming: Shock (safe; 3% risk of failure)
Press: ? - help, Shift-Dir - straight line The zap hits the orc.
The orc is heavily wounded.
The zap hits the orc priest but does no damage.
The orc priest mumbles some strange prayers to Beogh against you.
Beogh smites you!
Ouch! That really hurt!
Things that are here:
a +0 club; a kobold corpse
There is a stone staircase leading up here.
The orc priest invokes the aid of Beogh against you.
Beogh smites you!
Ouch! That really hurt!
You die...

.# #.# #.# #### #.#
##...###.###
##..........#
#...........#
............########
#...#....†....o)@..#
##.........o######.#
##.........# #
###...∩...#
#####.### #o# #.#
#'# .o.


You could see an orc priest and an orc.

Vanquished Creatures
  An orc priest (D:3)
  4 adders (D:2)
  A worm (D:2)
  An endoplasm (D:2)
  A giant cockroach (D:2)
  2 hobgoblins
  4 jackals (D:2)
  6 bats
  3 frilled lizards
  2 goblins
  2 kobolds
  A rat (D:1)
28 creatures vanquished.

Notes
Turn   | Place    | Note
-------+----------+-------------------------------------------
     0 | D:1      | FexLirch the Human Wanderer began the quest for the Orb.
     0 | D:1      | FexLirch set off with the following items: a +0 club, a
                  | scroll of fear, a +0 robe, a piece from Xom's chessboard
                  | (15/15); and the following spells available to memorise:
                  | Shock, Sandblast, Poisonous Vapours, Vhi's Electric Charge,
                  | Stone Arrow.
     0 | D:1      | Reached XP level 1. HP: 13/13 MP: 2/2
     2 | D:1      | Learned a level 1 spell: Shock
     4 | D:1      | Learned a level 1 spell: Sandblast
   704 | D:1      | Reached XP level 2. HP: 19/19 MP: 0/4
   930 | D:2      | Reached skill level 1 in Conjurations
   930 | D:2      | Reached XP level 3. HP: 24/24 MP: 2/6
   946 | D:2      | Learned a level 3 spell: Stone Arrow
  1264 | D:2      | Identified the +4 flail of Inflation {elec, rN+++ Str-5
                  | Int+2 Stlth-}
  1325 | D:2      | Reached XP level 4. HP: 30/30 MP: 5/7
  1657 | D:3      | Found Oved's Magic Scroll Boutique.
  1687 | D:3      | Bought a scroll of teleportation for 33 gold pieces
  1687 | D:3      | Bought a scroll of identify for 22 gold pieces
  1688 | D:3      | Bought a scroll of poison for 44 gold pieces
  1688 | D:3      | Bought a scroll of noise for 11 gold pieces
  1705 | D:3      | Killed from afar by an orc priest

Illustrated notes

Levels and vault maps discovered:
D:1:      dpeg_arrival_erosion, layout_basic, serial_bayou_pond_a
D:2:      layout_rooms
D:3:      layout_loops_corners, mainiacjoe_overflow_alcove_2, serial_shops,
          shop, uniq_jessica

Skill      XL: |  1  2 |
---------------+-------+-----
Spellcasting   | 2 |  2.8
Conjurations   | 1 |  1.8
Armour         | |  1.0
Air Magic      | |  5.0
Earth Magic    | |  2.8
Evocations     | |  1.0

Action                     |  1- 3 |  4- 6 || total
---------------------------+-------+-------++-------
  Melee: Club              |    12 |       ||    12
         Punch             |     1 |       ||     1
         Flail             |       |    25 ||    25
   Cast: Shock             |    18 |     6 ||    24
         Sandblast         |    18 |     2 ||    20
    Use: Scroll            |       |     1 ||     1
 Armour: Robe              |     4 |    19 ||    23
  Dodge: Dodged            |    12 |    32 ||    44

Table legend: (Time is in decaauts)
 A = Elapsed time spent in this place.
 B = Non-inter-level travel time spent in this place.
 C = Inter-level travel time spent in this place.
 D = Time resting spent in this place.
 E = Time spent auto-exploring this place.
 F = Levels seen in this place.
 G = Mean time per level.
                   A        B        C        D        E       F      G
               +--------+--------+--------+--------+--------+-----+--------+
         Total |   1728 |   1712 |     16 |      0 |   1453 |   3 |  576.0 |
       Dungeon |   1728 |   1712 |     16 |      0 |   1453 |   3 |  576.0 |
               +--------+--------+--------+--------+--------+-----+--------+

Top non-repeatable levels by time:
     D:2: 871 daAuts
     D:1: 789 daAuts
     D:3: 68 daAuts
